 Dungeon Crawl Stone Soup version 0.30-a0-135-g630cfc4551 (webtiles) character file.

Game seed: 8613975610387868914

468 LnG the Caller (level 7, -4/37 HPs)
             Began as a Kobold Summoner on Sept 20, 2022.
             Slain by a black bear (7 damage)
             ... on level 3 of the Dungeon.
             The game lasted 00:16:49 (4740 turns).

LnG the Caller (Kobold Summoner)                    Turns: 4740, Time: 00:16:50

Health: -4/37      AC:  2    Str:  5    XL:     7   Next: 30%
Magic:  5/14       EV: 15    Int: 18    God:
Gold:   98         SH:  0    Dex: 16    Spells: 10/16 levels left

rFire   . . .      SeeInvis .    g - +2 rapier (venom)
rCold   . . .      Faith    .    (no shield)
rNeg    . . .      Spirit   .    a - +0 robe
rPois   .          Reflect  .    (no helmet)
rElec   .          Harm     .    (no cloak)
rCorr   .          Rampage  .    (no gloves)
Will    .....                    (no boots)
Stlth   +++.......               (no amulet)
HPRegen 0.12/turn                (no ring)
MPRegen 0.14/turn                (no ring)

@: no status effects
A: small, no large weapons, nightstalker 3
a: no special abilities


You were on level 3 of the Dungeon.
You visited 1 branch of the dungeon, and saw 3 of its levels.

You collected 98 gold pieces.

Inventory:

Hand Weapons
 g - a +2 rapier of venom (weapon)
Armour
 a - a +0 robe (worn)
Wands
 l - a wand of flame (14)
Scrolls
 f - a scroll of magic mapping
 h - a scroll of enchant weapon {unknown}
 k - a scroll of teleportation
Potions
 b - 2 potions of magic
 c - 3 potions of brilliance
 d - a potion of curing
 e - a potion of haste {unknown}
 i - a potion of resistance {unknown}
 j - a potion of lignification {unknown}


   Skills:
 + Level 0.7 Fighting
 + Level 0.8 Short Blades
 + Level 3.5 Dodging
 + Level 3.3 Stealth
 + Level 5.2 Spellcasting
 + Level 5.9 Summonings


You had 10 spell levels left.
You knew the following spells:

 Your Spells              Type           Power      Damage    Failure   Level
a - Summon Small Mammal   Summ           100%       N/A       1%          1
b - Call Imp              Summ           26%        N/A       1%          2
c - Call Canine Familiar  Summ           26%        N/A       3%          3

Your spell library contained the following spells:

 Spells                   Type           Power      Damage    Failure   Level
 Summon Guardian Golem    Hex/Summ       15%        N/A       12%         3
 Summon Lightning Spire   Summ/Air       15%        N/A       36%         4


Dungeon Overview and Level Annotations

Branches:
Dungeon (3/15)

Altars:


Innate Abilities, Weirdness & Mutations

You are small and have problems with some larger weapons.
You are completely attuned to the shadows.


Message History

The black bear barely misses you. The black bear closely misses you.
The black bear claws you but does no damage.
The goblin completely misses your quokka.
Your quokka closely misses the goblin.
Casting: Summon Small Mammal (safe; 1% risk of failure)
Confirm with . or Enter, or press ? or * to list all spells.
The goblin hits your quokka but does no damage.
The black bear bites you. The black bear barely misses you.
The black bear claws you.
Your quokka barely misses the goblin.
Your quokka misses the black bear.
Your quokka bites the goblin.
The goblin dies!
The black bear attacks as you move away!
The black bear barely misses you. x2; The black bear claws you.
Your hound bites the black bear.
The orc barely misses your quokka. Something hits your quokka.
Your hound bites the black bear.
The black bear attacks as you move away!
The black bear bites you but does no damage.
The black bear claws you. The black bear closely misses you.
Your quokka barely misses the black bear.
The black bear goes berserk!
Something barely misses your quokka.
Your hound barely misses the black bear.
Your quokka bites the black bear.
Something hits your quokka!
Your quokka dies!
Your quokka's corpse disappears in a puff of smoke!
The black bear bites you! The black bear claws you. x2
* * * LOW HITPOINT WARNING * * *
Your hound closely misses the black bear.
Casting: Call Canine Familiar (dangerous; 3% risk of failure)
Confirm with . or Enter, or press ? or * to list all spells.
A beastly little devil appears in a puff of frigid air.
The black bear closely misses you. The black bear misses you.
The black bear claws you!
* * * LOW HITPOINT WARNING * * *
Your hound misses the black bear. The black bear misses you.
The black bear claws you but does no damage.
The black bear claws you!
You die...

...###
####)o?..
......... #.
#o# ###.##o#
.....r#
##≈≈≈##.##h#
....≈≈...h5#
≈....≈~.@###
.#~≈≈....#
..≈......#
##≈#'##### #
#.###.+
#.....#
#.....+
#....#.#
.).####....#.#


You could see a black bear (berserk, ally target), a friendly hound (summoned),
a friendly white imp (summoned) and a friendly quokka (summoned).

Vanquished Creatures
  Grinder (D:3)
  A gnoll (D:1)
  An adder (D:2)
  A worm (D:2)
  An endoplasm (D:2)
  A hobgoblin (D:2)
  A jackal (D:2)
  2 ball pythons
9 creatures vanquished.

Vanquished Creatures (collateral kills)
  Sigmund (D:2)
  2 gnolls
  4 adders (D:2)
  A dart slug (D:1)
  An orc (D:3)
  3 ball pythons
  3 endoplasms
  A giant cockroach (D:2)
  4 goblins
  4 hobgoblins (D:2)
  2 jackals (D:2)
  5 kobolds (D:1)
  5 bats
  4 rats
40 creatures vanquished.

Grand Total: 49 creatures vanquished

Notes
Turn   | Place    | Note
-------+----------+-------------------------------------------
     0 | D:1      | LnG the Kobold Summoner began the quest for the Orb.
     0 | D:1      | Reached XP level 1. HP: 10/10 MP: 3/3
   149 | D:1      | Found a faded altar of an unknown god.
   267 | D:1      | Reached XP level 2. HP: 7/15 MP: 3/5
   274 | D:1      | Learned a level 2 spell: Call Imp
  1855 | D:2      | Reached XP level 3. HP: 19/19 MP: 6/6
  1859 | D:2      | Learned a level 3 spell: Call Canine Familiar
  1988 | D:2      | Noticed Sigmund
  1998 | D:2      | Reached XP level 4. HP: 21/24 MP: 2/9
  3295 | D:2      | HP: 1/24 [poisoned by Sigmund]
  3322 | D:2      | Killed Sigmund
  3323 | D:2      | Reached skill level 5 in Summonings
  3323 | D:2      | Reached XP level 5. HP: 13/28 MP: 6/11
  3323 | D:2      | Reached XP level 6. HP: 15/32 MP: 6/12
  4566 | D:3      | Noticed Grinder
  4581 | D:3      | Killed Grinder
  4582 | D:3      | Reached skill level 5 in Spellcasting
  4582 | D:3      | Reached XP level 7. HP: 25/37 MP: 7/14
  4740 | D:3      | Slain by a black bear

Illustrated notes

Levels and vault maps discovered:
D:1:      eino_arrival_cavern_a, layout_basic, ebering_ecumenical_altar_rust,
          serial_curves, eino_curves_01, eino_curves_02
D:2:      layout_loops_ring, uniq_sigmund
D:3:      layout_basic, nicolae_uskayaw_murder_on_the_dancefloor,
          grunt_decor_junction, chequers_serial_rivers_small_b, uniq_grinder,
          uniq_terence, uniq_jessica

Skill      XL: |  1  2  3  4  5  6 |
---------------+-------------------+-----
Spellcasting   | 3 4 5 |  5.2
Dodging        | 3 |  3.5
Stealth        | 3 |  3.3
Summonings     | 5 |  5.9
Fighting       | |  0.7
Short Blades   | |  0.8

Action                   |  1- 3 |  4- 6 |  7- 9 || total
-------------------------+-------+-------+-------++-------
Melee: Unarmed           |     2 |       |       ||     2
       Punch             |     1 |       |       ||     1
       Rapier            |     4 |    19 |       ||    23
 Cast: Summon Small Mamm |    46 |    31 |     4 ||    81
       Call Imp          |    12 |    11 |     1 ||    24
       Call Canine Famil |       |     6 |     3 ||     9
  Use: Potion            |       |     2 |       ||     2
       Scroll            |       |     2 |       ||     2
Armor: Robe              |     6 |     3 |     3 ||    12
Dodge: Dodged            |    25 |    48 |     9 ||    82

Table legend: (Time is in decaauts)
 A = Elapsed time spent in this place.
 B = Non-inter-level travel time spent in this place.
 C = Inter-level travel time spent in this place.
 D = Time resting spent in this place.
 E = Time spent auto-exploring this place.
 F = Levels seen in this place.
 G = Mean time per level.
                   A        B        C        D        E       F      G
               +--------+--------+--------+--------+--------+-----+--------+
         Total |   4748 |   4509 |    239 |   1887 |    489 |   3 | 1582.7 |
       Dungeon |   4748 |   4509 |    239 |   1887 |    489 |   3 | 1582.7 |
               +--------+--------+--------+--------+--------+-----+--------+

Top non-repeatable levels by time:
     D:1: 2802 daAuts
     D:2: 1753 daAuts
     D:3: 192 daAuts
